 Dungeon Crawl Stone Soup version 0.30-a0-297-g0ec75d9ef4 (webtiles) character file.

Game seed: 9961815539910801974

87 Iusername the Trooper (level 4, -7/41 HPs)
             Began as a Hill Orc Fighter on Oct 18, 2022.
             Killed by nerve-wracking pain
             ... invoked by Jessica
              (10 damage)
             ... on level 3 of the Dungeon.
             The game lasted 00:02:11 (1580 turns).

Iusername the Trooper (Hill Orc Fighter)            Turns: 1580, Time: 00:02:11

Health: -7/41      AC:  7    Str: 17 (18) XL:     4   Next: 51%
Magic:  4/4        EV:  9    Int:  7 (8)  God:
Gold:   149        SH:  4    Dex:  9 (10) Spells: 3/3 levels left

rFire   . . .      SeeInvis .    a - +0 war axe
rCold   . . .      Faith    .    c - +0 buckler
rNeg    . . .      Spirit   .    b - +0 scale mail
rPois   .          Reflect  .    (no helmet)
rElec   .          Harm     .    (no cloak)
rCorr   .          Rampage  .    (no gloves)
Will    .....                    (no boots)
Stlth   ..........               (no amulet)
HPRegen 0.26/turn                (no ring)
MPRegen 0.09/turn                (no ring)

@: mighty, brilliant, unable to drink
A: weak 1, inability to drink after injury 1, MP-powered wands
a: no special abilities


You were on level 3 of the Dungeon.
You visited 1 branch of the dungeon, and saw 3 of its levels.

You collected 149 gold pieces.

Inventory:

Hand Weapons
 a - a +0 war axe (weapon)
Armour
 b - a +0 scale mail (worn)
 c - a +0 buckler (worn)
Jewellery
 n - a ring of ice
Wands
 r - a wand of polymorph (4)
Scrolls
 e - 3 scrolls of teleportation {unknown}
 g - a scroll of magic mapping {unknown}
 h - 2 scrolls of fear {unknown}
 k - a scroll of vulnerability {unknown}
 m - 2 scrolls of summoning {unknown}
 p - a scroll of identify {unknown}
Potions
 f - a potion of degeneration
 j - a potion of lignification
 o - a potion of flight


   Skills:
 + Level 4.4 Fighting
 + Level 3.9 Axes
 + Level 3.9 Armour
 + Level 4.0 Shields


You had 3 spell levels left.
You didn't know any spells.
Your spell library contained the following spells:

 Spells                   Type           Power      Damage    Failure   Level
 Ozocubu's Armour         Ice            0%         N/A       99%         3
 Animate Dead             Necr           0%         N/A       100%        4
 Borgnjor's Vile Clutch   Necr/Erth      0%         N/A       100%        5
 Metabolic Englaciation   Hex/Ice        0%         N/A       100%        5
 Death Channel            Necr           0%         N/A       100%        6
 Simulacrum               Ice/Necr       0%         N/A       100%        6


Dungeon Overview and Level Annotations

Branches:
Dungeon (3/15)

Altars:

Shops:
D:3 [

Annotations:
D:3 Jessica


Innate Abilities, Weirdness & Mutations

You are weak. (Str -2)
You occasionally lose the ability to drink potions when taking damage.
You expend magic power (3 MP) to strengthen your wands.


Message History

You hit Jessica but do no damage.
Jessica is severely wounded.
Jessica points at you and mumbles some strange words.
You resist with some effort.
You completely miss Jessica.
Jessica is severely wounded.
You barely miss the worm.
Jessica grins evilly.
Jessica misses you. The worm bites you!
* * * LOW HITPOINT WARNING * * *
It was a potion of flight.
You feel very buoyant.
You fly up into the air.
Jessica gestures wildly while chanting.
Jessica blinks!
It was a potion of lignification.
You turn into a tree.
Your +0 scale mail melds into your body.
Your roots penetrate the ground.
Jessica gestures wildly while chanting.
Jessica blinks!
The worm bites you but does no damage.
It was a potion of mutation.
You feel extremely strange.
You occasionally lose the ability to drink potions when taking damage.
You feel your magical essence link to the dungeon's wands.
You feel weaker. The worm bites you but does no damage.
It was a potion of cancellation.
Your magical effects are unravelling.
You feel magically purged.
You feel less wooden.
Your +0 scale mail unmelds from your body.
Jessica mumbles some strange words.
Jessica blinks!
It was a potion of brilliance.
You feel clever all of a sudden. The worm barely misses you.
You feel very mighty all of a sudden. Jessica gestures at you while chanting.
Pain shoots through your body!
You feel threatened and lose the ability to drink potions!
You die...

...# ............##>........
##.# ##.........###.........
## ......#.†.............
.#######......#.#####.########
...........#.##@# #.#
.####..^####....#####.#
#####...########....#.#
.......#............#.#
########.###..#.@w..#.#
...#...# #. #.....#.#
####.#.### # #.....#
..†...†########.......
...............#....###
...............#....#
...............#....#
...............######
...............


You could see a worm and Jessica.

Vanquished Creatures
  Ijyb (D:3)
  2 adders
  2 dart slugs
  3 bats
  2 endoplasms
  5 goblins
  2 hobgoblins
  3 jackals (D:1)
  4 quokkas
  4 ball pythons
  7 frilled lizards
  3 kobolds
  5 rats
43 creatures vanquished.

Vanquished Creatures (others)
  A fungus (D:1)
  A plant (D:1)
2 creatures vanquished.

Grand Total: 45 creatures vanquished

Notes
Turn   | Place    | Note
-------+----------+-------------------------------------------
     0 | D:1      | Iusername the Hill Orc Fighter began the quest for the Orb.
     0 | D:1      | Reached XP level 1. HP: 19/19 MP: 1/1
    83 | D:1      | Found a faded altar of an unknown god.
   101 | D:1      | Reached XP level 2. HP: 27/27 MP: 2/2
   790 | D:2      | Reached XP level 3. HP: 30/33 MP: 3/3
  1328 | D:3      | Found Xeiwev's Antique Armour Shoppe.
  1394 | D:3      | Noticed Ijyb
  1411 | D:3      | Killed Ijyb
  1412 | D:3      | Reached XP level 4. HP: 39/41 MP: 4/4
  1568 | D:3      | Noticed Jessica
  1574 | D:3      | HP: 2/41 [worm (8)]
  1577 | D:3      | Gained mutation: You occasionally lose the ability to drink
                  | potions when taking damage. [potion of mutation]
  1577 | D:3      | Gained mutation: You expend magic power (3 MP) to
                  | strengthen your wands. [potion of mutation]
  1577 | D:3      | Gained mutation: You are weak. (Str -2) [potion of
                  | mutation]
  1580 | D:3      | Killed from afar by Jessica

Illustrated notes

Levels and vault maps discovered:
D:1:      saegor_arrival_under_anarchy, layout_basic,
          shapermc_ecumenical_altar_mp_ritualfount
D:2:      layout_rooms
D:3:      layout_basic, serial_shops, shop, grunt_decor_clamped, uniq_terence,
          uniq_jessica, uniq_ijyb

Skill      XL: |  1  2  3  4 |
---------------+-------------+-----
Axes           | 3 |  3.9
Fighting       | 4 |  4.4
Shields        | 4 |  4.0
Armour         | |  3.9

Action                   |  1- 3 |  4- 6 || total
-------------------------+-------+-------++-------
Melee: War axe           |   107 |    14 ||   121
       Unarmed           |    14 |       ||    14
  Use: Potion            |       |     7 ||     7
Armor: Scale mail        |    53 |     4 ||    57
       Skin              |     3 |     2 ||     5
Dodge: Dodged            |    64 |     7 ||    71
Block: Buckler           |    20 |     3 ||    23

Table legend: (Time is in decaauts)
 A = Elapsed time spent in this place.
 B = Non-inter-level travel time spent in this place.
 C = Inter-level travel time spent in this place.
 D = Time resting spent in this place.
 E = Time spent auto-exploring this place.
 F = Levels seen in this place.
 G = Mean time per level.
                   A        B        C        D        E       F      G
               +--------+--------+--------+--------+--------+-----+--------+
         Total |   1628 |   1586 |     42 |      0 |   1198 |   3 |  542.7 |
       Dungeon |   1628 |   1586 |     42 |      0 |   1198 |   3 |  542.7 |
               +--------+--------+--------+--------+--------+-----+--------+

Top non-repeatable levels by time:
     D:1: 750 daAuts
     D:2: 520 daAuts
     D:3: 357 daAuts
